 Dungeon Crawl Stone Soup version 0.27-a0-1177-g245c70e1c0 (webtiles) character file.

Game seed: 2726022735908685561

51 Froggeryz the Chopper (level 3, 0/29 HPs)
             Began as a Demonspawn Berserker on May 16, 2021.
             Was a Follower of Trog.
             Slain by Sigmund
             ... wielding a +0 scythe
              (7 damage)
             ... while paralysed
             ... on level 2 of the Dungeon.
             The game lasted 00:01:28 (2517 turns).

Froggeryz the Chopper (Demonspawn Berserker)        Turns: 2517, Time: 00:01:28

Health: 0/29       AC:  7    Str: 18    XL:     3   Next: 57%
Magic:  3/3        EV:  2    Int:  8    God:    Trog [*.....]
Gold:   65         SH:  0    Dex: 12    Spells: 2/2 levels left

rFire    . . .     SeeInvis .   a - +0 hand axe
rCold    . . .     Faith    .   (no shield)
rNeg     . . .     Spirit   .   b - +1 scale mail {rPois}
rPois    +         Reflect  .   (no helmet)
rElec    .         Harm     .   (no cloak)
rCorr    .         Rampage  .   (no gloves)
Will     .....                  (no boots)
Stlth    ..........             (no amulet)
HPRegen  0.09/turn              (no ring)
MPRegen  0.08/turn              (no ring)

@: paralysed, on berserk cooldown, slowed
A: spiny 1, demonic magic 1
a: Renounce Religion, Berserk


You were on level 2 of the Dungeon.
You worshipped Trog.
Trog was aware of your devotion.
You visited 1 branch of the dungeon, and saw 2 of its levels.

You collected 65 gold pieces.

Inventory:

Hand Weapons
 a - a +0 hand axe (weapon)
Missiles
 f - 23 poisoned darts (quivered)
Armour
 b - a +1 scale mail of poison resistance (worn)
Scrolls
 g - a scroll of vulnerability {unknown}
 h - a scroll of identify {unknown}
 j - a scroll of amnesia {unknown}
 k - a scroll of immolation {unknown}
Potions
 c - a potion of heal wounds {unknown}
 d - a potion of curing {unknown}
 e - a potion of cancellation {unknown}
 i - a potion of berserk rage {unknown}


   Skills:
 - Level 3.0 Fighting
 * Level 4.2 Axes
 - Level 1.7 Armour
 - Level 1.7 Dodging


You had 2 spell levels left.
You didn't know any spells.
Your spell library was empty.

Dungeon Overview and Level Annotations

Branches:
Dungeon (2/15)

Altars:

Annotations:
D:2 Sigmund


Innate Abilities, Weirdness & Mutations

You are partially covered in sharp spines.
Spells you cast may paralyse adjacent enemies.


Message History

Sigmund shouts!
Sigmund casts a spell at you. The magic dart hits you.
Sigmund is nearby!
A red film seems to cover your vision as you go berserk!
You feel yourself moving faster!
You feel mighty! Sigmund closely misses you.
You feel a strong urge to attack something.
Sigmund barely misses you.
You closely miss Sigmund. You barely miss Sigmund.
Sigmund is struck by your spines. Sigmund misses you.
You closely miss Sigmund.
Sigmund is lightly wounded.
Sigmund points at himself and mumbles some strange words.
Sigmund flickers and vanishes!
Deactivating autopickup; reactivate with Ctrl-A.
You miss something. You miss something.
You hear some strange, mumbled words.
Something tries to affect you, but you resist.
You closely miss something. Something hits you.
You closely miss something. Something completely misses you.
You miss something. You barely miss something. Something hits you.
Your scale mail prevents you from hitting something.
Something hits you.
You slash something!
You hear some strange, mumbled words.
Something tries to affect you, but you resist.
You miss something. Something hits you.
You slash something! You miss something.
You are no longer berserk.
You pass out from exhaustion.
You feel yourself slow down.
You hear some strange, mumbled words.
A magic dart appears from out of thin air!
The magic dart hits you!
* * * LOW HITPOINT WARNING * * *
Something hits you!
You die...

#........# #.#
#.######.# #.# ##.## #.#
#.#
########..)#####.###.#
.....##.............
##...###...#.###.###
##...###..##.###.#
...............{.#
.............###@#
..........######.#
##...###.........#
.....####........#
.......##..#####.#
.##.##.##..# #.#
.##.##.##..### #.#
......[......###.#######
.##.##.##..#..>........#


There were no monsters in sight!

Vanquished Creatures
  Terence (D:2)
  3 dart slugs
  2 bats (D:1)
  2 goblins
  2 hobgoblins
  A kobold (D:1)
  A quokka (D:1)
  2 ball pythons (D:2)
  4 frilled lizards (D:1)
  2 rats (D:1)
20 creatures vanquished.

Notes
Turn   | Place    | Note
-------+----------+-------------------------------------------
     0 | D:1      | Froggeryz the Demonspawn Berserker began the quest for the
                  | Orb.
     0 | D:1      | Reached XP level 1. HP: 18/18 MP: 1/1
    31 | D:1      | Reached skill level 3 in Axes
   535 | D:1      | Gained mutation: You are partially covered in sharp spines.
                  | [demonic ancestry]
   535 | D:1      | Reached XP level 2. HP: 24/24 MP: 2/2
   637 | D:1      | Found a faded altar of an unknown god.
  1683 | D:2      | Noticed Terence
  1694 | D:2      | Killed Terence
  1695 | D:2      | Reached skill level 4 in Axes
  1695 | D:2      | Gained mutation: Spells you cast may paralyse adjacent
                  | enemies. [demonic ancestry]
  1695 | D:2      | Reached XP level 3. HP: 14/29 MP: 3/3
  2061 | D:2      | Noticed Sigmund
  2517 | D:2      | Slain by Sigmund

Illustrated notes

Levels and vault maps discovered:
D:1:      erik_arrival_cave_to_civilisation [erik_arrival_cave_to_hall],
          layout_basic, hellmonk_ecumenical_altar_inner_sanctum,
          minmay_pentomino_z2
D:2:      layout_loops_corners, chequers_garden, uniq_terence, uniq_sigmund

Skill      XL: |  1  2 |
---------------+-------+-----
Axes           | 3 4 |  4.2
Fighting       | |  3.0
Armour         | |  1.7
Dodging        | |  1.7

Action                   || total
-------------------------++-------
Melee: Hand axe          ||    55
Invok: Berserk           ||     2
 Stab: Sleeping          ||     3
Armor: Animal skin       ||     7
       Scale mail        ||     4
Dodge: Dodged            ||    22

Table legend: (Time is in decaauts)
 A = Elapsed time spent in this place.
 B = Non-inter-level travel time spent in this place.
 C = Inter-level travel time spent in this place.
 D = Time resting spent in this place.
 E = Time spent auto-exploring this place.
 F = Levels seen in this place.
 G = Mean time per level.
                   A        B        C        D        E       F      G
               +--------+--------+--------+--------+--------+-----+--------+
         Total |   2530 |   2365 |    165 |    334 |   1828 |   2 | 1265.0 |
       Dungeon |   2530 |   2365 |    165 |    334 |   1828 |   2 | 1265.0 |
               +--------+--------+--------+--------+--------+-----+--------+

Top non-repeatable levels by time:
     D:1: 1591 daAuts
     D:2: 938 daAuts
